 Dungeon Crawl Stone Soup version 0.31-a0-149-g3fdcc5976a (webtiles) character file.

Game seed: 15883853800941741665

81 qw the Shooter (level 4, -2/38 HPs)
             Began as a Minotaur Hunter on June 7, 2023.
             Slain by Sigmund
             ... wielding a +0 scythe
              (4 damage)
             ... on level 2 of the Dungeon.
             The game lasted 00:00:31 (1588 turns).

qw the Shooter (Minotaur Hunter)                    Turns: 1588, Time: 00:00:32

Health: -2/38      AC:  3    Str: 16    XL:     4   Next: 20%
Magic:  3/3        EV: 12    Int:  6    God:
Gold:   62         SH:  0    Dex: 15    Spells: 3/3 levels left

rFire   . . .        Y - +0 shortbow
rCold   . . .        (shield currently unavailable)
rNeg    . . .        c - +0 leather armour
rPois   .            (helmet restricted)
rElec   .            (no cloak)
rCorr   .            (no gloves)
SInv    .            (no boots)
Will    .....        (no amulet)
Stlth   +            (no ring)
HPRegen 0.26/turn    (no ring)
MPRegen 0.08/turn

%: no passive effects
@: no status effects
A: horns 2, retaliatory headbutt
a: no special abilities


You were on level 2 of the Dungeon.
You visited 1 branch of the dungeon, and saw 2 of its levels.

You collected 62 gold pieces.


Innate Abilities, Weirdness & Mutations

You have a pair of horns on your head.
You reflexively headbutt those who attack you in melee.


   Skills:
 + Level 3.3 Fighting
 - Level 6.0 Ranged Weapons
 - Level 2.1 Dodging
 - Level 0.7 Stealth


You had 3 spell levels left.
You didn't know any spells.
Your spell library was empty.

Inventory:

Hand Weapons
 Y - a +0 shortbow (weapon)
Armour
 c - a +0 leather armour (worn)
Potions
 a - a potion of resistance {unknown}
 b - a potion of attraction {unknown}
 f - a potion of might {unknown}
 j - a potion of invisibility {unknown}

Dungeon Overview and Level Annotations

Branches:
Dungeon (2/15)

Altars:

Shops:
D:1 (

Annotations:
D:2 Sigmund


Message History

Enter note:
Enter note:
Enter note:
Enter note:
Enter note:
Enter note:
Enter note: Sigmund barely misses you.
You shoot an arrow. The arrow hits Sigmund.
Sigmund is lightly wounded.
You shoot an arrow. The arrow closely misses Sigmund.
Sigmund gestures wildly while chanting.
Sigmund flickers and vanishes!
Deactivating autopickup; reactivate with Ctrl-A.
Autopickup is now on.
You shoot an arrow. Something hits you.
Deactivating autopickup; reactivate with Ctrl-A.
Autopickup is now on.
You shoot an arrow. Something hits you!
Deactivating autopickup; reactivate with Ctrl-A.
Autopickup is now on.
You shoot an arrow. Something hits you.
Deactivating autopickup; reactivate with Ctrl-A.
Autopickup is now on.
You shoot an arrow. You shoot an arrow. Something barely misses you.
You shoot an arrow. Something barely misses you.
You shoot an arrow. Something hits you.
Deactivating autopickup; reactivate with Ctrl-A.
Autopickup is now on.
You shoot an arrow. You shoot an arrow. Something hits you.
You die...

#.....P~~~P~.# #.#
#.....~~~~~~.. #.#
#####..~~P.... #.###
#......~~P.... ....#
#####.#~~~.~.. #.#.#
#.#~~~#... #.#.#
#####.#~~~# .# #.#.#
#..##.#~~## #.#.#
#.....#~~#
#.#@#.##############
#..####~~#
#>..{..............#
#..# #~#
#####.############.#
#..# #...........
#.# ...#
#.##.####### #.#
...# #.##.. #.#
...###
#.###############.#
.....# ### #.#
#.............#
##.### #.# #.#
#.#############


There were no monsters in sight!

Vanquished Creatures
  Jessica (D:2)
  A gnoll (D:1)
  A worm (D:2)
  2 bats (D:1)
  4 endoplasms (D:1)
  A giant cockroach (D:1)
  5 goblins
  5 hobgoblins (D:1)
  3 quokkas (D:1)
  6 ball pythons
  4 frilled lizards (D:1)
  3 kobolds (D:2)
  5 rats
41 creatures vanquished.

Notes
Turn   | Place    | Note
-------+----------+-------------------------------------------
     0 | D:1      | qw the Minotaur Hunter began the quest for the Orb.
     0 | D:1      | Reached XP level 1. HP: 18/18 MP: 0/0
     0 | D:1      | 0 ||| qw: Version: 0.2-a-117-gc6b5c8b
     0 | D:1      | 0 ||| qw: Game counter: 2602
     0 | D:1      | 0 ||| qw: Always use a shield: true
     0 | D:1      | 0 ||| qw: God list: Okawaru
     0 | D:1      | 0 ||| qw: Allow faded altars: false
     0 | D:1      | 0 ||| qw: Do Orc after D:15 true
     0 | D:1      | 0 ||| qw: Do second Lair branch before Depths: true
     0 | D:1      | 0 ||| qw: Lair rune preference: random
     0 | D:1      | 0 ||| qw: Plans: Normal
     0 | D:1      | 0 ||| PLANNING D:1-11
    74 | D:1      | Reached XP level 2. HP: 13/25 MP: 1/1
   127 | D:1      | Reached skill level 5 in Ranged Weapons
   273 | D:1      | Reached skill level 3 in Fighting
   504 | D:1      | Found Joohiank's Antique Weapon Emporium.
   706 | D:1      | Reached XP level 3. HP: 13/31 MP: 2/2
   710 | D:1      | HP: 5/31 [frozen (3)]
  1006 | D:1      | 1006 ||| DROPPING amulet of magic regeneration.
  1007 | D:1      | 1007 ||| READING scroll labelled MAOTOP SUPS.
  1008 | D:1      | 1008 ||| READING scroll labelled EFOFRO ACVAU.
  1009 | D:1      | 1009 ||| READING scroll labelled YMMIDO ZIESEU.
  1010 | D:1      | 1010 ||| READING scroll labelled UBLYDE RA LUL.
  1011 | D:1      | 1011 ||| READING scroll labelled NIKLAV YMMODI.
  1012 | D:1      | 1012 ||| DROPPING scroll of butterflies.
  1095 | D:2      | Noticed Jessica
  1099 | D:2      | Killed Jessica
  1100 | D:2      | Reached skill level 6 in Ranged Weapons
  1100 | D:2      | Reached XP level 4. HP: 29/38 MP: 3/3
  1564 | D:2      | Noticed Sigmund
  1581 | D:2      | HP: 5/38 [something (10)]
  1586 | D:2      | HP: 1/38 [something (3)]
  1588 | D:2      | Slain by Sigmund

Levels and vault maps discovered:
D:1:      evilmike_arrival_hilbert_curve, layout_basic, serial_forest,
          infiniplex_forest_clump_diagonal, infiniplex_forest_clump_small,
          infiniplex_forest_straight_2, infiniplex_forest_clump_medium,
          infiniplex_forest_lined_4_way, infiniplex_forest_diagonal,
          infiniplex_forest_clump_small, serial_shops,
          nicolae_shop_hallway_plus, skrybe_limestone_x
D:2:      layout_basic, chequers_big_river, lightli_corner_chamber,
          uniq_sigmund, uniq_jessica

Skill      XL: |  1  2  3 |
---------------+----------+-----
Ranged Weapons | 5 6 |  6.0
Fighting       | 3 |  3.3
Dodging        | |  2.1
Stealth        | |  0.7

Action                     |  1- 3 |  4- 6 || total
---------------------------+-------+-------++-------
   Fire: Shortbow          |    83 |    23 ||   106
    Use: Scroll            |     5 |       ||     5
 Armour: Leather armour    |     6 |       ||     6
  Dodge: Dodged            |    19 |     5 ||    24

Table legend:
 A = Non-vault XP
 B = Vault XP
 C = Vault XP percentage of total XP
 D = Non-vault monster count
 E = Vault monster count
 F = Vault count percentage of total count
                 A         B        C        D         E       F
            +---------+---------+-------+---------+---------+-------
      Total |      80 |      37 |  31.6 |      40 |       1 |   2.4
            +---------+---------+-------+---------+---------+-------
        D:1 |      61 |       0 |   0.0 |      30 |       0 |   0.0
        D:2 |      19 |      37 |  66.1 |      10 |       1 |   9.1
            +---------+---------+-------+---------+---------+-------
